 Dungeon Crawl Stone Soup version 0.30.1-6-gbe392663c4 (webtiles) character file.

Game seed: 4539348460882410687

2668 Ivernyr the Blocker (level 9, -4/72 HPs)
             Began as a Formicid Fighter on Sept 20, 2023.
             Was an Initiate of Wu Jian.
             Slain by Maggie
             ... wielding a +1 war axe of distortion
              (5 damage)
             ... on level 8 of the Dungeon.
             The game lasted 00:18:15 (6964 turns).

Ivernyr the Blocker (Formicid Fighter)              Turns: 6964, Time: 00:18:16

Health: -4/72      AC: 14    Str: 26    XL:     9   Next: 94%
Magic:  9/9        EV: 10    Int:  7    God:    Wu Jian [......]
Gold:   353        SH:  6    Dex: 13    Spells: 8/8 levels left

rFire   . . .        a - +0 quarterstaff
rCold   + . .        c - +0 buckler
rNeg    . . .        b - +5 ring mail
rPois   .            (helmet unavailable)
rElec   .            v - +0 cloak
rCorr   .            w - +0 pair of gloves
SInv    +            (no boots)
Will    .....        g - amulet of the acrobat
Stlth   +            t - ring of protection from cold
HPRegen 0.32/turn    (no ring)
MPRegen 0.11/turn

%: acrobat
@: mighty
A: permanent stasis, dig shafts and tunnels, antennae 3, four strong arms
a: Dig, Shaft Self, Renounce Religion


You were on level 8 of the Dungeon.
You worshipped Wu Jian.
Wu Jian was noncommittal.
You visited 2 branches of the dungeon, and saw 9 of its levels.
You also visited: Sewer.

You collected 353 gold pieces.

Inventory:

Hand Weapons
 a - a +0 quarterstaff (weapon)
Armour
 b - a +5 ring mail (worn)
 c - a +0 buckler (worn)
 v - a +0 cloak (worn)
 w - a +0 pair of gloves (worn)
Jewellery
 g - an amulet of the acrobat (around neck)
 t - a ring of protection from cold (left hand)
Wands
 y - a wand of digging (8)
Scrolls
 h - a scroll of silence {unknown}
 j - 2 scrolls of amnesia
 k - a scroll of brand weapon {unknown}
 l - a scroll of enchant weapon {unknown}
 m - 2 scrolls of enchant armour
 o - 2 scrolls of identify
 r - 5 scrolls of teleportation {unknown}
 s - a scroll of torment {unknown}
 u - a scroll of fear {unknown}
 x - a scroll of noise {unknown}
 z - a scroll of vulnerability {unknown}
Potions
 e - a potion of flight
 f - 3 potions of cancellation {unknown}
 i - a potion of brilliance
 n - a potion of lignification
 q - 5 potions of mutation


   Skills:
 + Level 7.1 Fighting
 * Level 8.4 Staves
 + Level 7.0 Armour
 + Level 8.5 Shields


You had 8 spell levels left.
You didn't know any spells.
Your spell library contained the following spells:

 Spells                   Type           Power      Damage    Failure   Level
 Cigotuvi's Dreadful Rot  Necr/Pois/Air  0%         N/A       75%         2
 Dazzling Flash           Conj/Hex       0%         N/A       93%         3
 Ignite Poison            Fire/Tmut/Pois 0%         N/A       93%         3
 Dispel Undead            Necr           0%         3d6       100%        4
 Leda's Liquefaction      Hex/Erth       0%         N/A       100%        4
 Sticky Flame             Conj/Fire      0%         2d3       100%        4
 Agony                    Necr           0%         N/A       100%        5
 Arcjolt                  Conj/Air       0%         1d10      100%        5
 Lee's Rapid Deconstruct  Erth           0%         3d4*      100%        5
 Silence                  Hex/Air        0%         N/A       100%        5
 Death Channel            Necr           0%         N/A       100%        6
 Statue Form              Tmut/Erth      0%         N/A       100%        6
 Ignition                 Fire           0%         3d3       100%        8
 Maxwell's Capacitive Co  Air            0%         ∞         100%        8
 Vhi's Electric Charge    Tloc/Air       Unusable   N/A       N/A         3

Dungeon Overview and Level Annotations

Branches:
Dungeon (8/15)             Temple (1/1) D:7           Sewer (visited)
   Lair: D:8-11

Altars:
Ashenzari
Cheibriados
Dithmenos
Elyvilon
Fedhas
Gozag
Hepliaklqana
Kikubaaqudgha
Makhleb
Nemelex Xobeh
Okawaru
Qazlal
Ru
Sif Muna
Trog
Uskayaw
Wu Jian
Yredelemnul
Zin
The Shining One

Shops:
D:1 [

Annotations:
D:8 Maggie


Innate Abilities, Weirdness & Mutations

You cannot be hasted, slowed, berserked, paralysed or teleported.
You can dig through walls and to a lower floor.
You have a pair of large antennae on your head. (SInv)
Your four strong arms can wield two-handed weapons with a shield.


Message History

You hit Maggie.
Maggie is heavily wounded.
Maggie closely misses you.
You closely miss Maggie.
Maggie is heavily wounded.
Maggie hits you with a +1 war axe of distortion.
You hit Maggie.
Maggie is heavily wounded.
Maggie hits you but does no damage. Space warps around you.
You completely miss Maggie.
Maggie is heavily wounded.
Maggie gestures at you while chanting. The bolt of fire hits you!
You feel very mighty all of a sudden. Maggie hits you but does no damage.
Space warps around you.
You thump Maggie!
Maggie is heavily wounded.
Maggie hits you with a +1 war axe of distortion!
* * * LOW HITPOINT WARNING * * *
Space warps horribly around you!
* * * LOW HITPOINT WARNING * * *
You feel much better.
Maggie casts a spell.
Maggie attempts to bespell you!
You easily resist.
Maggie attacks as you move away!
Maggie hits you with a +1 war axe of distortion!
* * * LOW HITPOINT WARNING * * *
Space warps horribly around you!
* * * LOW HITPOINT WARNING * * *
Maggie attacks as you move away! Maggie misses you.
There is a stone staircase leading up here.
You completely miss Maggie.
Maggie is heavily wounded.
Maggie closely misses you.
You hit Maggie.
Maggie is heavily wounded.
Maggie hits you with a +1 war axe of distortion.
* * * LOW HITPOINT WARNING * * *
Space warps around you.
You die...

### ..#. .#.
..... #
..####.....
#..####.#........
##...............
.................
.....#.##......#
.......#@......#
.......@.......#
...............#
..............?#
...............#
...............#
...?...........#
...............#
................


You could see Maggie.

Vanquished Creatures
  A water moccasin (D:4)
  An ice beast (D:6)
  A black bear (D:6)
  An orc warrior (D:7)
  3 sky beasts
  3 ogres
  A centaur (D:7)
  A kobold brigand (D:7)
  4 bullfrogs
  6 scorpions
  5 killer bees
  A jelly (D:4)
  A hound (D:4)
  2 iguanas
  2 sleepcaps (D:7)
  Terence (D:3)
  2 orc priests
  10 orc wizards
  12 adders
  A gnoll (D:3)
  A river rat (D:4)
  2 ufetubi
  A worm (D:4)
  3 dart slugs
  28 orcs
  3 bats
  9 endoplasms
  12 giant cockroaches
  7 goblins
  5 hobgoblins
  9 jackals
  7 kobolds
  7 quokkas
  5 ball pythons
  15 frilled lizards
  7 rats
  2 rat zombies (D:6)
182 creatures vanquished.

Notes
Turn   | Place    | Note
-------+----------+-------------------------------------------
     0 | D:1      | Ivernyr the Formicid Fighter began the quest for the Orb.
     0 | D:1      | Reached XP level 1. HP: 18/18 MP: 1/1
    99 | D:1      | Found Duhewipsy's Armour Boutique.
   232 | D:1      | Reached XP level 2. HP: 24/24 MP: 2/2
   327 | D:1      | Reached XP level 3. HP: 29/29 MP: 3/3
   753 | D:2      | Reached XP level 4. HP: 37/37 MP: 4/4
  1485 | D:3      | Noticed Terence
  1494 | D:3      | Killed Terence
  1495 | D:3      | Reached XP level 5. HP: 37/42 MP: 5/5
  1780 | D:3      | Reached skill level 5 in Shields
  2272 | D:4      | Noticed an ogre
  2281 | D:3      | Killed an ogre
  2282 | D:3      | Reached XP level 6. HP: 4/49 MP: 6/6
  2544 | D:4      | Reached XP level 7. HP: 55/55 MP: 7/7
  2732 | D:4      | Reached skill level 5 in Staves
  2814 | D:4      | Found a glowing drain.
  2820 | Sewer    | Entered a sewer
  3019 | Sewer    | Reached skill level 5 in Fighting
  3031 | Sewer    | Reached skill level 5 in Armour
  3186 | D:4      | Found a basalt altar of Yredelemnul.
  3505 | D:5      | Entered Level 5 of the Dungeon
  3528 | D:5      | Noticed a water moccasin
  3557 | D:4      | Killed a water moccasin
  3558 | D:4      | Reached XP level 8. HP: 38/62 MP: 8/8
  4297 | D:5      | Found a shadowy altar of Dithmenos.
  4507 | D:5      | Found a glowing silver altar of Zin.
  4697 | D:6      | Reached XP level 9. HP: 62/69 MP: 9/9
  4955 | D:6      | Found an ancient bone altar of Kikubaaqudgha.
  4986 | D:6      | Found an iron altar of Okawaru.
  6172 | D:7      | Identified the +0 robe of Hator {+Inv}
  6189 | D:7      | Found a staircase to the Ecumenical Temple.
  6199 | Temple   | Entered the Ecumenical Temple
  6257 | Temple   | Became a worshipper of the Wu Jian Council
  6723 | D:7      | Found a blossoming altar of Fedhas.
  6846 | D:8      | Noticed Maggie
  6959 | D:8      | HP: 2/72 [Maggie/+1 war axe of distortion (13)]
  6964 | D:8      | HP: 1/72 [Maggie/+1 war axe of distortion (3)]
  6964 | D:8      | Slain by Maggie

Illustrated notes

Levels and vault maps discovered:
D:1:      kennysheep_arrival_forest, layout_loops_ring, serial_shops, shop,
          minmay_tetromino_s4
D:2:      layout_basic, kennysheep_generic_room_13
D:3:      minmay_wonky_spiral, layout_basic, dreamdust_princess_bridge,
          minmay_misc_feat_secret_circle, minmay_three_crescents, uniq_terence
D:4:      layout_cave_pools, mainiacjoe_overflow_paths, gup_sewer_entry_bubbles,
          nicolae_ossuary_entry_plus, hangedman_decor_diamond_cutter
D:5:      layout_rooms, nicolae_overflow_hidden_temple, zin_statuary,
          kennysheep_potato
D:6:      layout_cave_pools, okawaru_metal_pillars_1_2,
          lemuel_zombie_altar_kikubaaqudgha
D:7:      layout_loops_ring, fedhas_altar_1, minmay_temple_entry_poolview
D:8:      minmay_angry_zag, layout_rooms, xom_shifter_show,
          lemuel_flamethrower_2, uniq_grum, uniq_pikel, uniq_maggie
Temple:   compressed_dpeg_circular_temple

Skill      XL: |  1  2  3  4  5  6  7  8  9 |
---------------+----------------------------+-----
Staves         | 3 4 5 7 8 |  8.4
Fighting       | 4 5 6 7 |  7.1
Armour         | 4 5 6 7 |  7.0
Shields        | 5 6 7 8 |  8.5

Action                     |  1- 3 |  4- 6 |  7- 9 || total
---------------------------+-------+-------+-------++-------
  Melee: Quarterstaff      |    77 |   157 |   552 ||   786
Ability: Dig               |       |       |     1 ||     1
         Lunge             |       |       |     1 ||     1
    Use: Scroll            |       |       |    11 ||    11
         Potion            |       |       |     5 ||     5
 Armour: Scale mail        |    31 |    42 |       ||    73
         Ring mail         |       |    13 |   214 ||   227
  Dodge: Dodged            |    35 |    66 |   350 ||   451
  Block: Buckler           |    22 |    38 |   160 ||   220
